 Dungeon Crawl Stone Soup version 0.28.0-49-g6dfe1f597d (webtiles) character file.

Game seed: 13961754904167049480

545 101zpm the Magician (level 7, -4/45 HPs)
             Began as a Djinni Fire Elementalist on May 15, 2022.
             Killed by divine providence
             ... invoked by an orc priest
              (14 damage)
             ... on level 4 of the Dungeon.
             The game lasted 00:08:04 (7387 turns).

101zpm the Magician (Djinni Fire Elementalist)      Turns: 7387, Time: 00:08:05

Health: -4/45      AC:  2    Str:  7    XL:     7   Next: 53%
Gold:   114        EV: 12    Int: 18    God:
                   SH:  0    Dex: 14

rFire   + + .      SeeInvis .   f - +2 short sword (speed)
rCold   x . .      Faith    .   (no shield)
rNeg    . . .      Spirit   .   a - +0 robe
rPois   ∞          Reflect  .   (no helmet)
rElec   .          Harm     .   e - scarf {shadows}
rCorr   .          Rampage  .   (no gloves)
Will    .....                   (boots unavailable)
Stlth   ++........              (no amulet)
HPRegen 0.15/turn               (no ring)
MPRegen 0.00/turn               (no ring)

@: flying
A: sickness immunity, fire resistance 2, cold vulnerability 1, float, innate
caster, HP casting, extra vitality 1
a: no special abilities


You were on level 4 of the Dungeon.
You visited 1 branch of the dungeon, and saw 4 of its levels.

You collected 114 gold pieces.

Inventory:

Hand Weapons
 f - a +2 short sword of speed (weapon)
Missiles
 i - 2 throwing nets
Armour
 a - a +0 robe (worn)
 e - a scarf of shadows (worn)
Scrolls
 b - 2 scrolls of silence {unknown}
 d - 2 scrolls of identify {unknown}
 g - a scroll of amnesia {unknown}
 n - a scroll of fog {unknown}
 p - a scroll of enchant weapon {unknown}
 r - a scroll of holy word {unknown}
 s - a scroll of immolation {unknown}
Potions
 c - a potion of berserk rage {unknown}
 h - a potion of curing {unknown}
 j - a potion of resistance {unknown}
 k - a potion of flight {unknown}
 l - a potion of mutation {unknown}
 m - a potion of brilliance {unknown}
 o - a potion of might {unknown}
 q - a potion of degeneration {unknown}


   Skills:
 + Level 0.2 Fighting
 + Level 2.5 Dodging
 + Level 2.5 Stealth
 + Level 5.9 Spellcasting


You couldn't memorise any spells.
You knew the following spells:

 Your Spells              Type           Power      Damage    Failure   Level
a - Foxfire               Conj/Fire      100%       2x1d9     1%          1
b - Scorch                Fire           52%        2d8       1%          2
c - Conjure Flame         Conj/Fire      26%        6-21      3%          3
d - Inner Flame           Hex/Fire       26%        N/A       3%          3
e - Flame Wave            Conj/Fire      26%        2d7       11%         4
f - Pain                  Necr           100%       1d9       1%          1
g - Searing Ray           Conj           52%        2d6       1%          2
h - Lesser Beckoning      Tloc           26%        N/A       3%          3
Your spell library was empty.

Dungeon Overview and Level Annotations

Branches:
Dungeon (4/15)
 Temple: D:4-7

Altars:

Shops:
D:3 !


Innate Abilities, Weirdness & Mutations

You are immune to sickness and miasma.
You are immune to poison.
Your flesh is very heat resistant. (rF++)
You are vulnerable to cold. (rC-)
You float through the air rather than walking.
You learn spells naturally, not from books.
Your magical power is your life essence.
You have superior vitality. (+4 MHP)


Message History

Aiming: Inner Flame (dangerous; 3% risk of failure)
Press: ? - help, Dir - move target, f - orc, p - orc wizard
Aim: an orc, wielding a +0 club (wandering, hasn't noticed you, chance to affect: 91%)
The orc shouts!
The orc is filled with an inner flame.
Casting: Inner Flame (dangerous; 3% risk of failure)
Confirm with . or Enter, or press ? or * to list all spells.
You don't know that spell.
Casting: Foxfire (safe; 1% risk of failure)
Press: ? - help, Q - select action, (/) - cycle Dir - look around, f - activate You conjure some foxfire!
Casting: Foxfire (safe; 1% risk of failure)
Confirm with . or Enter, or press ? or * to list all spells.
Flames lash the orc wizard.
Flame seeps out of the orc wizard.
The orc wizard is heavily wounded.
The orc wizard's fire resistance burns away.
The foxfire hits the orc wizard!
The orc wizard is burned terribly!
The orc wizard explodes!
The fiery explosion engulfs the orc!!
The orc explodes!
Your foxfire dissipates!
An orc comes into view. It is wielding a +0 flail.
Casting: Scorch (safe; 1% risk of failure)
Confirm with . or Enter, or press ? or * to list all spells.
Aiming: Inner Flame (dangerous; 3% risk of failure)
Press: ? - help, Dir - move target, f - orc
Aim: an orc, wielding a +0 flail and wearing a +0 leather armour (chance to affect: 91%)
The orc is filled with an inner flame.
* * * LOW HITPOINT WARNING * * *
An orc priest comes into view. It is wielding a +0 mace.
Casting: Inner Flame (dangerous; 3% risk of failure)
Confirm with . or Enter, or press ? or * to list all spells.
Aiming: Inner Flame (dangerous; 3% risk of failure)
Press: ? - help, Dir - move target, f - orc priest, p - orc
Aim: an orc priest, wielding a +0 mace and wearing a +0 leather armour (chance to affect: 81%)
The orc priest barely resists.
* * * LOW HITPOINT WARNING * * *
The orc priest mumbles some strange prayers to Beogh against you.
Beogh smites you!
You die...

#.#.#....#.#
#.#.#....#.#
#.#.#....#.#
#........'.#
###.#....### #
#.#....#######.
##○#
#.####.........
#o○°.#.#
##.######.
o§○)☼†@#
#.####<#
..§§§..#
#......#
.§§...##
######## ......
...... ......
#.#... . # #


You could see an orc priest and an orc (inner flame).

Vanquished Creatures
  Edmund (D:4)
  A phantom (D:3)
  A centaur zombie (D:3)
  An iguana (D:4)
  A gnoll shaman (D:2)
  Natasha (twice) (D:2)
  An orc wizard (D:4)
  5 adders
  7 gnolls (D:2)
  A worm (D:2)
  A dart slug (D:2)
  3 orcs
  5 bats
  6 endoplasms
  6 giant cockroaches
  4 goblins
  6 hobgoblins
  4 jackals (D:3)
  8 kobolds
  3 quokkas (D:1)
  7 ball pythons
  2 frilled lizards
  7 rats
83 creatures vanquished.

Vanquished Creatures (collateral kills)
  26 foxfires
26 creatures vanquished.

Vanquished Creatures (others)
  389 foxfires
389 creatures vanquished.

Grand Total: 498 creatures vanquished

Notes
Turn   | Place    | Note
-------+----------+-------------------------------------------
     0 | D:1      | 101zpm the Djinni Fire Elementalist began the quest for the
                  | Orb.
     0 | D:1      | Reached XP level 1. HP: 15/15 MP: 0/0
   653 | D:1      | Reached XP level 2. HP: 14/21 MP: 0/0
  1240 | D:1      | Found a faded altar of an unknown god.
  1413 | D:1      | Reached skill level 3 in Spellcasting
  1419 | D:1      | Reached XP level 3. HP: 14/25 MP: 0/0
  1419 | D:1      | Learned a level 1 spell: Pain
  3472 | D:2      | Reached XP level 4. HP: 28/31 MP: 0/0
  4053 | D:2      | Noticed Natasha
  4058 | D:2      | Killed Natasha
  4059 | D:2      | Reached skill level 4 in Spellcasting
  4059 | D:2      | Reached XP level 5. HP: 22/35 MP: 0/0
  4059 | D:2      | Learned a level 2 spell: Searing Ray
  4599 | D:2      | Noticed Natasha
  4602 | D:2      | Killed Natasha
  4603 | D:2      | Reached XP level 6. HP: 34/40 MP: 0/0
  5046 | D:3      | Found Pynehob's Distillery.
  5830 | D:3      | Reached skill level 5 in Spellcasting
  6872 | D:4      | Noticed Edmund
  6873 | D:4      | Reached XP level 7. HP: 34/45 MP: 0/0
  6873 | D:4      | Learned a level 3 spell: Lesser Beckoning
  6878 | D:4      | Killed Edmund
  7387 | D:4      | Killed from afar by an orc priest

Illustrated notes

Levels and vault maps discovered:
D:1:      minmay_arrival_five_plusses, layout_basic,
          shapermc_ecumenical_altar_flowoftime
D:2:      layout_loops_corners, nrook_mini_vaults,
          minmay_misc_feat_four_crosses, minmay_worlds_worst_comb, uniq_natasha
D:3:      layout_basic, serial_shops, shop, kennysheep_big_empty_room,
          minmay_hedge_maze, nrook_campfire, minivault_5, grunt_ministairs_10,
          minmay_fractal_squares_gapless_5
D:4:      layout_basic, nicolae_ru_great_annihilating_truth,
          jmf_multi_god_temple2, minmay_misc_feat_rugged, grunt_ministairs_13,
          wad_floor_pattern_2, minmay_circle_x, uniq_edmund

Skill      XL: |  1  2  3  4  5  6 |
---------------+-------------------+-----
Spellcasting   | 3 4 5 |  5.9
Stealth        | 2 |  2.5
Fighting       | |  0.2
Dodging        | |  2.5

Action                   |  1- 3 |  4- 6 |  7- 9 || total
-------------------------+-------+-------+-------++-------
 Cast: Foxfire           |   147 |   101 |     9 ||   257
       Scorch            |    14 |    42 |    11 ||    67
       Inner Flame       |       |     6 |     7 ||    13
Armor: Robe              |     6 |       |       ||     6
Dodge: Dodged            |     8 |     4 |     2 ||    14
